 Dungeon Crawl Stone Soup version 0.30-a0-335-ge5acde7520 (webtiles) character file.

Game seed: 5931209357960801300

9211 McGhostyFace the Thaumaturge (level 11, -6/74 HPs)
             Began as a Gnoll Wanderer on Oct 30, 2022.
             Was a Priest of Ashenzari.
             Mangled by a hornet (10 damage)
             ... on level 10 of the Dungeon.
             The game lasted 00:40:14 (11376 turns).

McGhostyFace the Thaumaturge (Gnoll Wanderer)      Turns: 11376, Time: 00:40:15

Health: -6/74      AC:  8    Str:  9    XL:     11   Next: 42%
Magic:  28/28      EV: 13    Int: 19    God:    Ashenzari [***...]
Gold:   955        SH: 11    Dex: 13    Spells: 28/36 levels left

rFire   + + .      SeeInvis +    k - +9 short sword of Ashenzari's Adversity {flame, +Blink rN+, Melee, Comp} (curse)
rCold   + + .      Faith    .    z - +0 buckler "Oscillating Fan" {Fort, Range} (curse)
rNeg    + . .      Spirit   .    B - +2 leather armour of the Eye in the Sky {Will+, Elem, Fort} (curse)
rPois   +          Reflect  +    m - +1 hat of the Prophetic Sun {Evo, Alch} (curse)
rElec   +          Harm     .    (no cloak)
rCorr   +          Rampage  .    (no gloves)
Will    +....      Clarity  +    n - +0 pair of boots of the Fated Desperation {Fort, Alch} (curse)
Stlth   +++.......               l - amulet of reflection
HPRegen 0.32/turn                w - ring of protection from cold
MPRegen 0.21/turn                G - ring of protection from fire

@: lethally poisoned (-6 -> -13), resistant, slowed, very slow
A: fangs 1, strong nose, distributed training, hooves 1, clever 1, frail 1,
electricity resistance, noise suppression
a: Renounce Religion, Evoke Blink, Shatter the Chains


You were on level 10 of the Dungeon.
You worshipped Ashenzari.
Ashenzari was most pleased with you.
You visited 2 branches of the dungeon, and saw 11 of its levels.

You collected 1845 gold pieces.
You spent 890 gold pieces at shops.

Inventory:

Hand Weapons
 k - the cursed +9 short sword of Ashenzari's Adversity (weapon) {flame, +Blink rN+, Melee, Comp}
   (You bought it in a shop on level 1 of the Dungeon)

   It burns those it strikes, dealing additional fire damage.
   rN:        It protects you from negative energy.
   +Blink:    It lets you blink.
   It has a curse which improves the following skills: Melee Combat: Short
   Blades, Long Blades, Axes, Maces & Flails, Polearms, Staves and Unarmed
   Combat.
   Companions: Summonings and Necromancy.
 y - the +4 short sword of the Forest {holy, rPois rF- rCorr Dex-5}
   (You found it on level 4 of the Dungeon)

   It has been blessed by the Shining One to cause great damage to the undead
   and demons.
   Dex:       It affects your dexterity (-5).
   rF:        It makes you vulnerable to fire.
   rPois:     It protects you from poison.
   rCorr:     It protects you from acid and corrosion.
Missiles
 p - 22 poisoned darts (quivered)
 Q - 3 javelins
Armour
 a - +0 steam dragon scales
 m - the cursed +1 hat of the Prophetic Sun (worn) {Evo, Alch}
   (You found it on level 1 of the Dungeon)

   It has a curse which improves the following skills: Evocations: Evocations.
   Alchemy:   Poison Magic and Transmutations.
 n - the cursed +0 pair of boots of the Fated Desperation (worn) {Fort, Alch}
   (You found it on level 2 of the Dungeon)

   It has a curse which improves the following skills: Fortitude: Armour and
   Shields.
   Alchemy:   Poison Magic and Transmutations.
 z - the cursed +0 buckler "Oscillating Fan" (worn) {Fort, Range}
   (You found it on level 4 of the Dungeon)

   It has a curse which improves the following skills: Fortitude: Armour and
   Shields.
   Ranged Combat: Ranged Weapons and Throwing.
 B - the cursed +2 leather armour of the Eye in the Sky (worn) {Will+, Elem, Fort}
   (You took it off Eustachio on level 4 of the Dungeon)

   It has a curse which improves the following skills: Elements: Fire Magic, Ice
   Magic, Air Magic and Earth Magic.
   Fortitude: Armour and Shields.
 P - +0 acid dragon scales
Jewellery
 g - a ring of resist corrosion
 l - an amulet of reflection (around neck)
 o - a ring of fire
 w - a ring of protection from cold (left hand)
 G - a ring of protection from fire (right hand)
Wands
 J - a wand of flame (50)
 N - a wand of polymorph (5)
Scrolls
 d - 2 scrolls of immolation
 f - a scroll of fear
 j - 5 scrolls of identify
 q - a scroll of summoning
 r - 2 scrolls of enchant armour
 s - 2 scrolls of enchant weapon
 t - 2 scrolls of fog
 v - 5 scrolls of teleportation
 x - 2 scrolls of magic mapping
 E - a scroll of amnesia
 L - a scroll of brand weapon
 R - a scroll of silence
Potions
 b - a potion of might
 c - 3 potions of attraction
 h - a potion of resistance
 i - 2 potions of lignification
 u - 2 potions of haste
 A - a potion of mutation
 F - 4 potions of brilliance
 H - a potion of ambrosia
 I - 3 potions of cancellation
 K - a potion of magic
Miscellaneous
 e - a phantom mirror
 C - a lightning rod (4/4)


   Skills:
 + Level 6.5 Fighting
 + Level 6.5(8.1) Short Blades
 + Level 6.5(8.1) Long Blades
 + Level 6.5(8.1) Axes
 + Level 6.5(8.1) Maces & Flails
 + Level 6.5(8.1) Polearms
 + Level 6.5(8.1) Staves
 + Level 6.5(8.1) Ranged Weapons
 + Level 6.5(8.1) Throwing
 + Level 6.5(9.8) Armour
 + Level 6.5 Dodging
 + Level 7.8 Stealth
 + Level 6.5(9.8) Shields
 + Level 6.5(8.1) Unarmed Combat
 + Level 13.0 Spellcasting
 + Level 5.4 Conjurations
 + Level 5.4 Hexes
 + Level 5.4(7.0) Summonings
 + Level 5.4(7.0) Necromancy
 + Level 5.4 Translocations
 + Level 5.4(7.8) Transmutations
 + Level 5.4(7.0) Fire Magic
 + Level 5.4(7.0) Ice Magic
 + Level 5.4(7.0) Air Magic
 + Level 5.4(7.0) Earth Magic
 + Level 5.4(7.8) Poison Magic
 + Level 7.1 Invocations
 + Level 9.3(11.0) Evocations


You had 28 spell levels left.
You knew the following spells:

 Your Spells              Type           Power      Damage    Failure   Level
a - Apportation           Tloc           64%        N/A       1%          1
b - Vhi's Electric Charg  Tloc/Air       72%        N/A       1%          3
c - Cause Fear            Hex            16%        N/A       9%          4

Your spell library contained the following spells:

 Spells                   Type           Power      Damage    Failure   Level
 Beastly Appendage        Tmut           84%        N/A       1%          1
 Wereblood                Tmut           42%        N/A       1%          2
 Inner Flame              Hex/Fire       36%        N/A       1%          3
 Ozocubu's Armour         Ice            39%        N/A       1%          3
 Spider Form              Tmut/Pois      42%        N/A       1%          3
 Gell's Gravitas          Tloc           32%        N/A       2%          3
 Lesser Beckoning         Tloc           64%        N/A       2%          3
 Teleport Other           Tloc           32%        N/A       2%          3
 Metabolic Englaciation   Hex/Ice        18%        N/A       19%         5
 Simulacrum               Ice/Necr       19%        N/A       58%         6
 Discord                  Hex            16%        N/A       100%        8


Dungeon Overview and Level Annotations

Branches:
Dungeon (10/15)            Temple (1/1) D:4            Lair (0/5) D:9
    Orc (0/2) D:9

Altars:
Ashenzari
Cheibriados
Dithmenos
Elyvilon
Fedhas
Gozag
Hepliaklqana
Kikubaaqudgha
Makhleb
Nemelex Xobeh
Okawaru
Qazlal
Ru
Sif Muna
Uskayaw
Vehumet
Wu Jian
Xom
Yredelemnul
Zin
The Shining One

Shops:
D:1 *(=!   D:3 ?   D:4 *   D:5 *   D:7 (


Innate Abilities, Weirdness & Mutations

You have very sharp teeth.
Your uncanny sense of smell can sniff out nearby items.
Your experience applies equally to all skills.
You have large cloven feet.
Your mind is acute. (Int +4, Str/Dex -1)
You are frail. (-10% HP)
You are resistant to electric shocks. (rElec)
You passively dampen the noise of your surroundings.


Message History

You block the yak's attack.
You hit the yak. You burn the yak.
The yak is heavily wounded.
You block the yak's attack.
You puncture the yak! You burn the yak. You bite the yak, but do no damage.
The yak is almost dead.
You hit the yak. You burn the yak.
You kill the yak!
You hit the hornet but do no damage. You block the hornet's attack.
You hit the hornet. You burn the hornet.
The hornet is lightly wounded.
You puncture the hornet! You burn the hornet.
The hornet is heavily wounded.
You block the hornet's attack.
You hit the hornet. You burn the hornet.
The hornet is heavily wounded.
The hornet barely misses you.
You closely miss the hornet. You bite the hornet, but do no damage.
The hornet is heavily wounded.
The hornet stings you!
You suddenly lose the ability to move!
The hornet stings you.
You are poisoned.
You shrug off the repeated paralysis!
The hornet stings you but does no damage.
You feel very sick. The hornet stings you!
You are more poisoned.
You shrug off the repeated paralysis!
You feel very sick. The hornet stings you!
* * * LOW HITPOINT WARNING * * *
You feel yourself slow down. The hornet stings you!
* * * LOW HITPOINT WARNING * * *
You feel as though you will be slow longer.
You can move again.
You feel protected.
* * * LOW HITPOINT WARNING * * *
You feel very sick. The hornet stings you!
You die...

.......#.# ** ,{ * ..#.#.# *
* .......#.# *∆∆ ∆ .......
.......#.# #######..#...#
.......#[# #.#,.........# *
.......#.#####.###.#..{....
.......>.........#.........
*
.#.#####.#####.#.#.........
.........# ...#.#Y######.#
.#<......#,#####@#.........,
.#.####.## #y#.######## .#.#
#.##.#####Y#......... .#.#
#.##.........#.##..## .#.#
#.########.#.#.# * .#.# #.#
#.#.#.# , .#.# #.# #.#.#.# ,
.#.# #.# #.#.#.# , * .# *,*
#.#.#.#


You could see a yak and a hornet.

Vanquished Creatures
  3 two-headed ogres
  Joseph (D:7)
  Maggie (D:8)
  A rime drake (D:8)
  2 polar bears (D:8)
  Prince Ribbit (D:7)
  A shadow (D:10)
  4 yaks (D:10)
  A wraith (D:8)
  Eustachio (D:4)
  3 wyverns
  A steam dragon (D:9)
  Menkaure (D:6)
  A water moccasin (D:8)
  A sky beast (D:6)
  7 ice beasts
  A wolf (D:8)
  A black bear (D:6)
  3 centaurs
  3 phantoms
  2 lemures
  2 kobold brigands
  A gnoll sergeant (D:8)
  A necrophage (D:7)
  2 scorpions
  14 wights
  3 killer bees (D:8)
  An electric eel (D:8)
  A howler monkey (D:7)
  A jelly (D:6)
  3 hounds
  2 gnoll boudas
  7 orc priests
  An iguana (D:4)
  6 orc wizards
  Robin (D:2)
  14 gnolls
  13 adders
  4 shadow imps
  A white imp (D:5)
  2 ufetubi
  2 worms (D:2)
  2 dart slugs
  21 orcs
  11 ball pythons
  5 endoplasms
  2 giant cockroaches
  10 goblins
  7 hobgoblins
  11 jackals
  7 quokkas
  7 bats
  5 frilled lizards
  15 kobolds
  11 rats
236 creatures vanquished.

Vanquished Creatures (collateral kills)
  Pikel (D:6)
1 creature vanquished.

Vanquished Creatures (others)
  3 fungi (D:3)
  26 plants
29 creatures vanquished.

Grand Total: 266 creatures vanquished

Notes
Turn   | Place    | Note
-------+----------+-------------------------------------------
     0 | D:1      | Reached skill level 11 in Spellcasting
     0 | D:1      | McGhostyFace the Gnoll Wanderer began the quest for the
                  | Orb.
     0 | D:1      | McGhostyFace set off with the following items: a +0 dagger,
                  | a +0 pair of boots, a potion of attraction, a +0 robe, a
                  | phantom mirror; and the following spell memorised:
                  | Apportation; and the following spells available to
                  | memorise: Vhi's Electric Charge.
     0 | D:1      | Reached XP level 1. HP: 13/13 MP: 12/12
    81 | D:1      | Found Zodionogh's Distillery.
   203 | D:1      | Found Quyvaeph's Jewellery Shoppe.
   212 | D:1      | Found Ethruduc's Antique Weapon Boutique.
   223 | D:1      | Reached XP level 2. HP: 17/19 MP: 14/14
   412 | D:1      | Bought a fine short sword for 160 gold pieces
   412 | D:1      | Identified the +9 short sword of the Demonic God {flame,
                  | +Blink rN+} (You bought it in a shop on level 1 of the
                  | Dungeon)
   438 | D:1      | Found Gurama's Assorted Antiques.
   573 | D:1      | Reached XP level 3. HP: 25/25 MP: 15/15
   877 | D:2      | Reached skill level 1 in Invocations
   927 | D:2      | Found a sparkling altar of Nemelex Xobeh.
   946 | D:2      | Reached skill level 1 in Fighting
   946 | D:2      | Reached skill level 1 in Short Blades
   946 | D:2      | Reached skill level 1 in Long Blades
   946 | D:2      | Reached skill level 1 in Axes
   946 | D:2      | Reached skill level 1 in Maces & Flails
   946 | D:2      | Reached skill level 1 in Polearms
   946 | D:2      | Reached skill level 1 in Staves
   946 | D:2      | Reached skill level 1 in Ranged Weapons
   946 | D:2      | Reached skill level 1 in Throwing
   946 | D:2      | Reached skill level 1 in Armour
   946 | D:2      | Reached skill level 1 in Dodging
   946 | D:2      | Reached skill level 1 in Shields
   946 | D:2      | Reached skill level 1 in Unarmed Combat
   970 | D:2      | Noticed Robin
  1151 | D:2      | Noticed a scorpion
  1161 | D:1      | Reached XP level 4. HP: 32/32 MP: 17/17
  1264 | D:2      | Killed a scorpion
  1265 | D:2      | Reached skill level 1 in Conjurations
  1265 | D:2      | Reached skill level 1 in Hexes
  1265 | D:2      | Reached skill level 1 in Summonings
  1265 | D:2      | Reached skill level 1 in Necromancy
  1265 | D:2      | Reached skill level 1 in Translocations
  1265 | D:2      | Reached skill level 1 in Transmutations
  1265 | D:2      | Reached skill level 1 in Fire Magic
  1265 | D:2      | Reached skill level 1 in Ice Magic
  1265 | D:2      | Reached skill level 1 in Air Magic
  1265 | D:2      | Reached skill level 1 in Earth Magic
  1265 | D:2      | Reached skill level 1 in Poison Magic
  1265 | D:2      | Reached XP level 5. HP: 37/37 MP: 18/18
  1496 | D:2      | Killed Robin
  1618 | D:3      | Found Gycifik's Magic Scroll Emporium.
  1947 | D:3      | Found a faded altar of an unknown god.
  2029 | D:3      | Found a stormy altar of Qazlal.
  2292 | D:4      | Reached XP level 6. HP: 41/44 MP: 20/20
  2332 | D:4      | Found Kyjeticwa's General Store.
  2351 | D:4      | Identified the +4 short sword of the Forest {holy, rPois
                  | rF- rCorr Dex-5}
  2593 | D:4      | Noticed Eustachio
  2659 | D:4      | Killed Eustachio
  2660 | D:4      | Reached XP level 7. HP: 16/51 MP: 22/22
  3038 | D:4      | Found a staircase to the Ecumenical Temple.
  3046 | Temple   | Entered the Ecumenical Temple
  3399 | Temple   | Became a worshipper of Ashenzari the Shackled
  3866 | D:5      | Entered Level 5 of the Dungeon
  3895 | D:5      | Reached skill level 5 in Stealth
  3998 | D:5      | Found Vegroach's Assorted Antiques.
  4155 | D:5      | Identified the +4 scale mail of Anarchy {Rampage *Corrode
                  | Int+2 Slay+5}
  4734 | D:6      | Reached XP level 8. HP: 16/58 MP: 23/23
  4975 | D:6      | Reached * piety under Ashenzari
  4975 | D:6      | Identified a scroll of acquirement
  4976 | D:6      | Acquired 1112 gold pieces
  5086 | D:1      | Bought an amulet of reflection for 300 gold pieces
  5125 | D:1      | Bought a long lead wand for 124 gold pieces
  5671 | D:6      | Noticed Pikel
  5701 | D:6      | Killed Pikel
  5702 | D:6      | Reached skill level 12 in Spellcasting
  5710 | D:6      | Identified the cursed +0 pair of boots of the Fated
                  | Desperation {Fort, Alch} (You found it on level 2 of the
                  | Dungeon)
  5749 | D:6      | Noticed Menkaure
  5802 | D:6      | Reached XP level 9. HP: 51/65 MP: 25/25
  5872 | D:6      | Killed Menkaure
  6205 | D:6      | Reached ** piety under Ashenzari
  6928 | D:7      | Reached skill level 5 in Invocations
  6944 | D:7      | Found a radiant altar of Vehumet.
  6957 | D:7      | Found Azopud's Antique Weapon Boutique.
  7243 | D:7      | Noticed Joseph
  7255 | D:7      | Killed Joseph
  7262 | D:7      | Noticed Prince Ribbit
  7271 | D:7      | Killed Prince Ribbit
  7272 | D:7      | Reached skill level 5 in Fighting
  7272 | D:7      | Reached skill level 5 in Short Blades
  7272 | D:7      | Reached skill level 5 in Long Blades
  7272 | D:7      | Reached skill level 5 in Axes
  7272 | D:7      | Reached skill level 5 in Maces & Flails
  7272 | D:7      | Reached skill level 5 in Polearms
  7272 | D:7      | Reached skill level 5 in Staves
  7272 | D:7      | Reached skill level 5 in Ranged Weapons
  7272 | D:7      | Reached skill level 5 in Throwing
  7272 | D:7      | Reached skill level 5 in Armour
  7272 | D:7      | Reached skill level 5 in Dodging
  7272 | D:7      | Reached skill level 5 in Shields
  7272 | D:7      | Reached skill level 5 in Unarmed Combat
  7272 | D:7      | Reached XP level 10. HP: 66/74 MP: 26/26
  7312 | D:7      | Learned a level 3 spell: Vhi's Electric Charge
  7367 | D:7      | Noticed a two-headed ogre
  7374 | D:7      | Killed a two-headed ogre
  7720 | D:7      | Bought a slimy rapier for 306 gold pieces
  7720 | D:7      | Identified the +6 rapier of the Growing Seeker {vamp, rC+
                  | rN+ Str+2} (You bought it in a shop on level 7 of the
                  | Dungeon)
  8122 | D:8      | Noticed a two-headed ogre
  8134 | D:8      | Killed a two-headed ogre
  8313 | D:8      | Noticed Maggie
  8337 | D:8      | Killed Maggie
  9281 | D:9      | Identified the +2 cloak "Ciogixuo" {Harm rPois rF- SInv}
  9282 | D:9      | Found a staircase to the Lair.
  9579 | D:8      | Reached skill level 5 in Conjurations
  9579 | D:8      | Reached skill level 5 in Hexes
  9579 | D:8      | Reached skill level 5 in Summonings
  9579 | D:8      | Reached skill level 5 in Necromancy
  9579 | D:8      | Reached skill level 5 in Translocations
  9579 | D:8      | Reached skill level 5 in Transmutations
  9579 | D:8      | Reached skill level 5 in Fire Magic
  9579 | D:8      | Reached skill level 5 in Ice Magic
  9579 | D:8      | Reached skill level 5 in Air Magic
  9579 | D:8      | Reached skill level 5 in Earth Magic
  9579 | D:8      | Reached skill level 5 in Poison Magic
  9579 | D:8      | Reached XP level 11. HP: 31/81 MP: 27/27
 10062 | D:9      | Gained mutation: You possess an exceptional clarity of
                  | mind. [potion of mutation]
 10062 | D:9      | Gained mutation: You expend magic power (3 MP) to
                  | strengthen your wands. [potion of mutation]
 10063 | D:9      | Lost mutation: You expend magic power (3 MP) to strengthen
                  | your wands. [potion of mutation]
 10063 | D:9      | Lost mutation: You possess an exceptional clarity of mind.
                  | [potion of mutation]
 10063 | D:9      | Gained mutation: You have a pair of small horns on your
                  | head. [potion of mutation]
 10063 | D:9      | Gained mutation: Your spells are a little harder to cast,
                  | but a little more powerful. [potion of mutation]
 10064 | D:9      | Lost mutation: You have a pair of small horns on your head.
                  | [potion of mutation]
 10064 | D:9      | Lost mutation: Your spells are a little harder to cast, but
                  | a little more powerful. [potion of mutation]
 10064 | D:9      | Gained mutation: You possess an exceptional clarity of
                  | mind. [potion of mutation]
 10065 | D:9      | Lost mutation: You possess an exceptional clarity of mind.
                  | [potion of mutation]
 10065 | D:9      | Gained mutation: You do not regenerate when monsters are
                  | visible. [potion of mutation]
 10065 | D:9      | Gained mutation: Your body sometimes deteriorates upon
                  | taking damage. [potion of mutation]
 10065 | D:9      | Gained mutation: You have large cloven feet. [potion of
                  | mutation]
 10067 | D:9      | Lost mutation: You do not regenerate when monsters are
                  | visible. [potion of mutation]
 10067 | D:9      | Lost mutation: Your body sometimes deteriorates upon taking
                  | damage. [potion of mutation]
 10067 | D:9      | Gained mutation: You are resistant to electric shocks.
                  | (rElec) [potion of mutation]
 10067 | D:9      | Gained mutation: You passively dampen the noise of your
                  | surroundings. [potion of mutation]
 10067 | D:9      | Gained mutation: You are frail. (-10% HP) [potion of
                  | mutation]
 10067 | D:9      | Gained mutation: Your mind is acute. (Int +4, Str/Dex -1)
                  | [potion of mutation]
 10110 | D:9      | Found a staircase to the Orcish Mines.
 10295 | D:9      | Noticed a two-headed ogre
 10310 | D:9      | Killed a two-headed ogre
 10462 | D:9      | Learned a level 4 spell: Cause Fear
 10643 | D:10     | Entered Level 10 of the Dungeon
 10737 | D:10     | Reached *** piety under Ashenzari
 11363 | D:10     | Reached skill level 13 in Spellcasting
 11372 | D:10     | Paralysed by a hornet for 3 turns
 11376 | D:10     | Mangled by a hornet

Illustrated notes

Levels and vault maps discovered:
D:1:      mainiacjoe_arrival_reflecting_pool, layout_rooms, serial_shops,
          nicolae_shop_advertising_works [nicolae_subvault_shop_adworks],
          nicolae_shop_window_shopping, shop_coins, nicolae_lakefront_shop,
          wad_woods_river_04, minmay_pentomino_p4
D:2:      layout_rooms, basic_altar, uniq_robin
D:3:      layout_basic, overflow_temple_1_default,
          shapermc_ecumenical_altar_mp_ritualfount, serial_shops,
          nicolae_shop_statue_plus
D:4:      layout_rooms, minmay_temple_entry_wispy, serial_shops,
          nicolae_inconvenience_store, dreamdust_princess_corridor,
          kennysheep_generic_room_15, uniq_eustachio
D:5:      layout_basic, serial_shops, shop
D:6:      layout_gridville, uniq_pikel, uniq_menkaure
D:7:      layout_basic, mainiacjoe_overflow_small_starburst, serial_shops,
          nicolae_shop_waterfront, uniq_joseph, uniq_prince_ribbit1
D:8:      statuecave_lemuel, layout_basic, minmay_misc_feat_encased,
          nicolae_hexahallways, kennysheep_generic_room_14, uniq_maggie
D:9:      layout_rooms, hellmonk_lair_entry_icy, orc_0_dummy
D:10:     layout_basic, serial_curves, eino_curves_04, eino_curves_03,
          gammafunk_ghost_cemetery, david_defended_altar_orc, uniq_psyche
Temple:   mainiacjoe_temple_big_plus

Skill      XL: |  1  2  3  4  5  6  7  8  9 10 11 |
---------------+----------------------------------+-----
Spellcasting   | 12 13 | 13.0
Invocations    | 1 2 3 4 5 6 7 |  7.1
Fighting       | 1 2 3 5 6 |  6.5
Short Blades   | 1 2 3 5 6 |  6.5
Long Blades    | 1 2 3 5 6 |  6.5
Axes           | 1 2 3 5 6 |  6.5
Maces & Flails | 1 2 3 5 6 |  6.5
Polearms       | 1 2 3 5 6 |  6.5
Staves         | 1 2 3 5 6 |  6.5
Ranged Weapons | 1 2 3 5 6 |  6.5
Throwing       | 1 2 3 5 6 |  6.5
Armour         | 1 2 3 5 6 |  6.5
Dodging        | 1 2 3 5 6 |  6.5
Shields        | 1 2 3 5 6 |  6.5
Unarmed Combat | 1 2 3 5 6 |  6.5
Conjurations   | 1 2 3 4 5 |  5.4
Hexes          | 1 2 3 4 5 |  5.4
Summonings     | 1 2 3 4 5 |  5.4
Necromancy     | 1 2 3 4 5 |  5.4
Translocations | 1 2 3 4 5 |  5.4
Transmutations | 1 2 3 4 5 |  5.4
Fire Magic     | 1 2 3 4 5 |  5.4
Ice Magic      | 1 2 3 4 5 |  5.4
Air Magic      | 1 2 3 4 5 |  5.4
Earth Magic    | 1 2 3 4 5 |  5.4
Poison Magic   | 1 2 3 4 5 |  5.4
Evocations     | 7 8 9 |  9.3
Stealth        | 5 6 7 |  7.8

Action                   |  1- 3 |  4- 6 |  7- 9 | 10-12 || total
-------------------------+-------+-------+-------+-------++-------
Melee: Dagger            |    33 |       |       |       ||    33
       Bite              |    22 |     3 |    23 |    41 ||    89
       Short sword       |   126 |   114 |   236 |   321 ||   797
       Punch             |     2 |     1 |       |       ||     3
Throw: Dart              |       |     8 |    28 |    19 ||    55
       Javelin           |       |       |     8 |     5 ||    13
       Throwing net      |       |       |       |     1 ||     1
 Cast: Vhi's Electric Ch |       |       |       |     2 ||     2
Invok: Curse Item        |       |       |     4 |     1 ||     5
 Abil: Evoke Blink       |       |       |     1 |     2 ||     3
Evoke: Phantom mirror    |       |     1 |     1 |       ||     2
  Use: Potion            |     2 |     1 |     2 |     8 ||    13
       Scroll            |       |       |     1 |     1 ||     2
 Stab: Sleeping          |     5 |     7 |     9 |     5 ||    26
       Distracted        |       |     1 |       |       ||     1
       Held in net/web   |       |       |       |     1 ||     1
Armor: Leather armour    |    59 |    43 |    52 |    53 ||   207
       Skin              |       |       |    25 |       ||    25
Dodge: Dodged            |   107 |    66 |   109 |   105 ||   387
Block: Buckler           |       |     3 |   101 |   120 ||   224
       Reflection        |       |       |     1 |     2 ||     3

Table legend: (Time is in decaauts)
 A = Elapsed time spent in this place.
 B = Non-inter-level travel time spent in this place.
 C = Inter-level travel time spent in this place.
 D = Time resting spent in this place.
 E = Time spent auto-exploring this place.
 F = Levels seen in this place.
 G = Mean time per level.
                   A        B        C        D        E       F      G
               +--------+--------+--------+--------+--------+-----+--------+
         Total |  11269 |  10598 |    671 |   2566 |   5337 |  11 | 1024.5 |
       Dungeon |  10875 |  10283 |    592 |   2566 |   5031 |  10 | 1087.5 |
        Temple |    393 |    314 |     79 |      0 |    306 |   1 |  393.0 |
               +--------+--------+--------+--------+--------+-----+--------+

Top non-repeatable levels by time:
     D:8: 1932 daAuts
     D:6: 1408 daAuts
     D:7: 1297 daAuts
     D:4: 1204 daAuts
     D:5: 1180 daAuts
     D:1: 1160 daAuts
     D:3: 709 daAuts
     D:9: 702 daAuts
    D:10: 695 daAuts
     D:2: 584 daAuts
  Temple: 393 daAuts
